 Dungeon Crawl Stone Soup version 0.32-a0-41-gec2d92a32c (console) character file.

Game seed: 2062220589052628949

12 petzl the Sneak (level 2, -2/24 HPs)
             Began as a Formicid Delver on Jan 25, 2024.
             Slain by a wyvern (6 damage)
             ... on level 5 of the Dungeon.
             The game lasted 00:01:43 (163 turns).

petzl the Sneak (Formicid Delver)                    Turns: 163, Time: 00:01:44

Health: -2/24      AC:  3    Str: 16    XL:     2   Next: 45%
Magic:  4/4        EV: 12    Int:  9    God:
Gold:   22         SH:  0    Dex: 15    Spells: 4/4 levels left

rFire   . . .        a - +0 mace
rCold   . . .        (no shield)
rNeg    . . .        b - +0 leather armour
rPois   .            (helmet unavailable)
rElec   .            (no cloak)
rCorr   .            (no gloves)
SInv    +            (no boots)
Will    .....        (no amulet)
Stlth   +++          (no ring)
HPRegen 0.24/turn    (no ring)
MPRegen 0.09/turn

%: no passive effects
@: no status effects
A: permanent stasis, dig shafts and tunnels, antennae 3, four strong arms
a: Dig, Shaft Self


You were on level 5 of the Dungeon.
You visited 1 branch of the dungeon, and saw 3 of its levels.

You collected 22 gold pieces.

Inventory:

Hand Weapons
 a - a +0 mace (weapon)
Armour
 b - a +0 leather armour (worn)
Wands
 f - a wand of digging (3)
Scrolls
 c - a scroll of fog
 d - a scroll of revelation
 e - a scroll of fear


   Skills:
 - Level 3.3 Fighting
 - Level 2.0 Maces & Flails
 - Level 1.8 Dodging
 - Level 6.0 Stealth
 + Level 1.7 Spellcasting


You had 4 spell levels left.
You didn't know any spells.
Your spell library was empty.

Dungeon Overview and Level Annotations

Branches:
Dungeon (6/15)
 Temple: D:4-7

Altars:
Nemelex Xobeh

Annotations:
D:5 Eustachio


Innate Abilities, Weirdness & Mutations

You cannot be hasted, slowed, berserked, paralysed or teleported.
You can dig through walls and to a lower floor.
You have a pair of large antennae on your head. (SInv)
Your four strong arms can wield two-handed weapons with a shield.


Message History

The adder misses you.
You barely miss the adder.
The adder is almost dead.
The adder bites you but does no damage. The adder closely misses you.
You barely miss the adder.
The adder is almost dead.
The adder bites you but does no damage. The adder barely misses you.
You miss the adder.
The adder is severely wounded.
The adder barely misses you.
You barely miss the adder.
The adder is severely wounded.
The adder bites you but does no damage. The adder barely misses you.
You hit the adder but do no damage.
The adder is severely wounded.
The adder closely misses you. The adder misses you.
You sock the adder!
You kill the adder!
Your Spellcasting skill increases to level 1!
You have reached level 2!
You open the door.
There is an open door here.
Magic restored.
A river rat is nearby!
Found 4 poisoned darts.
Found a sparkling altar of Nemelex Xobeh.
Found an escape hatch in the floor.
Found a stone staircase leading down.
There is an open door here.
A wyvern comes into view.
Found a golden ring.
Found a glowing long sword.
The wyvern hisses angrily.
The wyvern barely misses you. The wyvern attacks as it pursues you!
The wyvern bites you. The wyvern bites you!
Ouch! That really hurt!
* * * LOW HITPOINT WARNING * * *
The wyvern attacks as it pursues you! The wyvern barely misses you.
The wyvern attacks as it pursues you! The wyvern completely misses you.
The wyvern bites you.
You die...

≈≈≈≈..##......# .. §§§≈.
.......)# .# §>≈§ #......# .#
≈≈≈§ #....=.# .# ≈≈§ #......#
.# .. #......# .# .####
#......######.# ....##
#..........k@.#
###..#####...#.####### ##..##
#...#.#
##..###...#.############# .
##...'...+.............. .
######...#..........# ## .
#..........@........# ...
.####......)............###.##
....#.........................
.....[.......†................
..S##.###+##.#................
...##...#.##.#..............##
...####S..##.#.#######'#....#
..S######r.#.#..............#
.............########.#####.#
....<...b....## #.....#.#
#......r......# #...##.# #
+......?......## #.#.#.<#
#.........##...## #..#.####


You could see a wyvern.

Vanquished Creatures
  An adder (D:5)
  A ball python (D:4)
  A quokka (D:4)
3 creatures vanquished.

Notes
Turn   | Place    | Note
-------+----------+-------------------------------------------
     0 | D:5      | petzl the Formicid Delver began the quest for the Orb.
     0 | D:5      | Reached XP level 1. HP: 18/18 MP: 1/1
     3 | D:6      | Noticed a sleepcap
    10 | D:5      | Noticed Eustachio
    49 | D:4      | Noticed a bombardier beetle
   107 | D:5      | Reached skill level 1 in Spellcasting
   107 | D:5      | Reached XP level 2. HP: 24/24 MP: 1/4
   141 | D:5      | Found a sparkling altar of Nemelex Xobeh.
   151 | D:5      | Noticed a wyvern
   163 | D:5      | Slain by a wyvern

Illustrated notes

Levels and vault maps discovered:
D:4:      layout_gridville, minmay_temple_entry_sparse_star, serial_shops, shop
D:5:      layout_basic, general_overflow_altar, uniq_menkaure, uniq_eustachio
D:6:      layout_rooms, mainiacjoe_overflow_six_doors_small,
          nicolae_gozag_seed_capital, lemuel_doored_altar,
          mainiacjoe_overflow_alcove_1, centaur_isle

Skill      XL: |  1 |
---------------+----+-----
Spellcasting   | 1 |  1.7
Fighting       | |  3.3
Maces & Flails | |  2.0
Dodging        | |  1.8
Stealth        | |  6.0

Action                     || total
---------------------------++-------
  Melee: Mace              ||    13
   Stab: Sleeping          ||     2
 Armour: Leather armour    ||     9
  Dodge: Dodged            ||    17

Table legend: (Time is in decaauts)
 A = Elapsed time spent in this place.
 B = Non-inter-level travel time spent in this place.
 C = Inter-level travel time spent in this place.
 D = Time resting spent in this place.
 E = Time spent auto-exploring this place.
 F = Levels seen in this place.
 G = Mean time per level.
                   A        B        C        D        E       F      G
               +--------+--------+--------+--------+--------+-----+--------+
         Total |    166 |    166 |      0 |      0 |     20 |   3 |   55.3 |
       Dungeon |    166 |    166 |      0 |      0 |     20 |   3 |   55.3 |
               +--------+--------+--------+--------+--------+-----+--------+

Top non-repeatable levels by time:
     D:5: 136 daAuts
     D:4: 28 daAuts
     D:6: 1 daAuts
